Map: Amphion LE

Players

Kelazhur

  • Race: Terran Terran
  • League: Master
  • Spawn Location: 7:00

Harstem - Winner!

  • Race: Protoss Protoss
  • League: Master
  • Spawn Location: 11:00

Event: HomeStory Cup XXV

VOD

Have the link to the VOD?

Description

Time

  • Played on: June 22, 2024, 8:48 a.m.
  • Length: 11:20

All games in this series

Show
View Real Time Build Order
Export as new Build Order

Kelazhur Terran 

Build Orders: Cyclone Opening 

Get SALT Encoding   

  12  0:00  SCV  
  13  0:12  SCV  
  14  0:17  Supply Depot  
  14  0:24  SCV  
  15  0:39  SCV  
  15  0:40  Barracks  
  16  0:45  Refinery  
  16  0:51  SCV  
  16  0:54  Refinery  
  17  1:03  SCV  
  18  1:15  SCV  
  19  1:27  Orbital Command, Reaper  
  19  1:29  Supply Depot  
  20  1:42  Factory  
  20  1:53  SCV  
  21  1:59  Barracks Reactor  
  21  2:05  SCV  
  22  2:17  SCV  
  22  2:21  Command Center  
  23  2:27  Cyclone  
  23  2:29  SCV  
  26  2:41  SCV  
  26  2:42  Starport  
  27  2:45  Supply Depot  
  27  2:51  Marine x2  
  27  2:56  SCV  
  30  3:03  Cyclone  
  31  3:09  Marine x2  
  32  3:13  SCV  
  32  3:19  Medivac  
  35  3:25  SCV  
  35  3:27  Marine x2  
  38  3:38  SCV  
  41  3:41  Cyclone  
  41  3:45  Orbital Command  
  41  3:47  Marine  
  41  3:48  Marine  
  43  3:52  SCV  
  42  4:04  SCV  
  42  4:08  Liberator  
  42  4:09  Marine x2  
  46  4:18  SCV  
  46  4:24  SCV  
  48  4:25  Cyclone  
  48  4:29  Marine x2  
  48  4:30  SCV  
  53  4:31  Supply Depot  
  53  4:36  SCV  
  53  4:42  SCV  
  51  4:47  Marine x2  
  51  4:49  SCV  
  48  4:54  Liberator  
  48  4:58  SCV  
  47  5:02  SCV  
  47  5:04  Marine  
  47  5:05  Marine  
  47  5:14  Factory Tech Lab  
  45  5:15  SCV x2  
  45  5:16  Cyclone  
  45  5:19  Bunker  
  49  5:22  Marine x2  
  49  5:27  SCV x2  
  53  5:32  Supply Depot  
  50  5:39  SCV x2  
  50  5:42  Marine x2, Command Center  
  54  5:51  SCV x2  
  55  6:00  Marine x2  
  55  6:03  SCV x2  
  57  6:04  Cyclone  
  57  6:06  Barracks  
  59  6:15  SCV x2, Starport Tech Lab  
  59  6:16  Barracks  
  61  6:23  Marine x2  
  59  6:27  SCV x2  
  61  6:35  Refinery  
  61  6:37  Engineering Bay x2, Refinery  
  61  6:39  SCV x2  
  60  6:41  Raven, Interference Matrix  
  62  6:51  SCV x2  
  62  6:52  Marine x2  
  66  6:55  Barracks Tech Lab  
  66  6:56  Factory Reactor  
  66  6:59  Orbital Command  
  66  7:03  SCV  
  66  7:04  Barracks Tech Lab, SCV  
  66  7:10  Marine  
  66  7:12  Terran Infantry Weapons Level 1, Terran Infantry Armor Level 1  
  67  7:15  SCV, Missile Turret  
  67  7:16  Orbital Command, SCV, Missile Turret  
  67  7:18  Missile Turret  
  69  7:23  Marine x2  
  69  7:28  Combat Shield, SCV, Stimpack  
  72  7:33  Marine x2  
  72  7:34  SCV  
  72  7:35  Raven  
  77  7:44  SCV  
  77  7:45  Marine x2  
  77  7:46  Barracks  
  77  7:47  Barracks  
  77  7:50  SCV  
  81  7:53  Marine x2  
  81  7:55  Supply Depot  
  83  7:59  SCV  
  83  8:02  SCV x2  
  83  8:04  Factory Reactor  
  83  8:05  Marine x2  
  85  8:16  SCV x2, Marine, Marauder  
  85  8:18  Supply Depot  
  90  8:22  Armory  
  90  8:24  Marauder  
  90  8:25  Orbital Command  
  90  8:26  Marine  
  90  8:27  Missile Turret  
  93  8:28  SCV  
  93  8:32  SCV  
  95  8:35  Marine  
  95  8:38  Marauder  
  95  8:40  SCV  
  95  8:41  Medivac x2  
  101  8:42  Widow Mine x2  
  97  8:49  Marine  
  97  8:52  Marine  
  97  8:53  SCV x2  
  97  8:54  Marine x3  
  98  8:59  Orbital Command, Marine  
  98  9:05  SCV x2  
  98  9:07  Marine  
  101  9:10  Marine  
  101  9:12  Marine x3  
  101  9:16  Marine  
  106  9:22  Supply Depot  
  106  9:23  Supply Depot  
  106  9:25  Concussive Shells, Marine  
  106  9:29  Orbital Command  
  106  9:30  Ghost Academy  
  107  9:32  Widow Mine  
  107  9:35  Widow Mine  
  111  9:41  SCV x2  
  111  9:44  Marine  
  111  9:45  Marine  
  115  9:52  Marine  
  115  9:54  Marine  
  115  9:59  Marine  
  117  10:01  Marine  
  117  10:02  Marine  
  117  10:03  Marine, Missile Turret  
  117  10:05  Bunker  
  120  10:07  Refinery  
  119  10:17  Marine  
  119  10:20  Marauder  
  124  10:27  Marine, Widow Mine x2  
  129  10:30  Marine  
  129  10:34  Refinery  
  128  10:37  Bunker  
  128  10:39  Marine  
  128  10:40  Marine, Marauder  
  130  10:49  Marine  
  126  10:56  Marine  
  109  10:57  Marine, Marauder  
  109  10:58  Marine  
  109  11:01  Marine  
Show
View Real Time Build Order
Export as new Build Order

Harstem Protoss - Winner!

Build Orders: 1 Gate Expand, Oracle Opening, Phoenix Opening 

Get SALT Encoding   

  12  0:00  Probe  
  13  0:12  Probe  
  14  0:19  Pylon  
  14  0:24  Probe  
  15  0:37  Probe (Chrono Boost)  
  15  0:38  Gateway  
  16  0:47  Assimilator, Probe (Chrono Boost)  
  17  0:52  Probe (Chrono Boost)  
  18  1:04  Probe  
  19  1:20  Nexus  
  19  1:29  Cybernetics Core  
  19  1:32  Probe  
  20  1:37  Assimilator  
  20  1:44  Probe  
  21  1:48  Pylon  
  21  1:56  Probe  
  22  2:03  Adept (Chrono Boost)  
  24  2:08  Probe  
  25  2:16  Stargate  
  25  2:20  Probe  
  26  2:24  Adept (Chrono Boost)  
  28  2:31  Warp Gate  
  28  2:32  Probe  
  28  2:33  Probe  
  30  2:44  Probe  
  30  2:45  Probe  
  30  2:50  Adept  
  34  2:56  Probe  
  34  2:57  Probe  
  36  3:05  Oracle (Chrono Boost)  
  36  3:09  Probe  
  40  3:14  Probe  
  40  3:19  Pylon  
  41  3:21  Gateway, Probe  
  41  3:26  Probe  
  43  3:34  Probe  
  43  3:35  Phoenix (Chrono Boost)  
  43  3:38  Probe  
  47  3:45  Pylon  
  47  3:46  Probe  
  47  3:47  Shield Battery  
  48  3:53  Phoenix (Chrono Boost)  
  50  3:59  Probe  
  50  4:00  Probe  
  50  4:02  Assimilator, Pylon  
  52  4:11  Probe  
  52  4:12  Phoenix (Chrono Boost)  
  51  4:20  Adept  
  51  4:21  Stalker  
  51  4:23  Probe  
  51  4:24  Probe  
  57  4:31  Pylon  
  57  4:33  Phoenix  
  57  4:35  Probe  
  57  4:36  Probe  
  61  4:41  Stalker  
  63  4:46  Stalker  
  63  4:47  Probe  
  63  4:48  Probe  
  65  4:59  Nexus, Probe  
  62  5:02  Phoenix  
  63  5:12  Forge  
  62  5:15  Twilight Council, Probe  
  62  5:22  Probe  
  62  5:24  Stalker  
  62  5:27  Probe  
  66  5:34  Probe  
  67  5:39  Probe  
  68  5:43  Pylon  
  68  5:45  Pylon  
  68  5:46  Probe  
  69  5:51  Probe  
  69  5:52  Protoss Ground Armor Level 1 (Chrono Boost)  
  69  5:54  Phoenix  
  72  5:58  Probe (Chrono Boost)  
  72  6:00  Charge  
  72  6:03  Probe (Chrono Boost)  
  74  6:10  Gateway x2, Probe (Chrono Boost)  
  75  6:11  Gateway  
  75  6:15  Probe (Chrono Boost)  
  75  6:18  Probe x2 (Chrono Boost)  
  78  6:20  Probe (Chrono Boost)  
  78  6:25  Stalker, Probe  
  78  6:26  Probe  
  78  6:32  Probe (Chrono Boost)  
  77  6:37  Probe (Chrono Boost)  
  77  6:38  Probe (Chrono Boost), Phoenix  
  81  6:42  Gateway  
  84  6:48  Probe (Chrono Boost)  
  84  6:51  Gateway, Probe (Chrono Boost)  
  84  6:53  Probe (Chrono Boost)  
  83  6:54  Gateway  
  83  6:55  Robotics Facility  
  83  6:58  Zealot  
  83  6:59  Zealot  
  88  7:02  Probe  
  88  7:07  Shield Battery  
  89  7:14  Photon Cannon  
  89  7:15  Photon Cannon  
  91  7:18  Pylon  
  91  7:19  Nexus  
  91  7:20  Probe  
  90  7:25  Phoenix (Chrono Boost)  
  90  7:28  Zealot, Sentry  
  96  7:33  Pylon  
  96  7:35  Probe  
  97  7:38  Protoss Ground Weapons Level 1 (Chrono Boost)  
  97  7:39  Probe  
  97  7:40  Zealot x2  
  97  7:41  Probe  
  97  7:42  Assimilator  
  103  7:47  Pylon  
  103  7:48  Probe  
  104  7:52  Probe  
  104  7:53  Zealot, Robotics Bay  
  104  7:54  Zealot, Probe  
  110  8:00  Probe  
  110  8:02  Zealot x2  
  110  8:04  Probe  
  116  8:06  Zealot x2, Probe  
  116  8:08  Zealot  
  116  8:12  Zealot, Probe  
  124  8:16  Pylon  
  124  8:19  Pylon  
  126  8:20  Zealot x2  
  126  8:23  Probe  
  126  8:24  Probe  
  132  8:32  Zealot x5  
  136  8:49  Zealot x3  
  136  8:55  Zealot x5  
  144  8:56  Probe  
  144  8:59  Colossus (Chrono Boost)  
  141  9:08  Probe x2  
  149  9:10  Photon Cannon  
  149  9:11  Forge  
  149  9:12  Extended Thermal Lance  
  149  9:19  Probe  
  149  9:20  Zealot x4, Shield Battery  
  158  9:24  Assimilator, Robotics Facility  
  158  9:27  Assimilator  
  158  9:37  Colossus (Chrono Boost)  
  158  9:40  Pylon  
  164  9:47  Pylon  
  164  9:48  Pylon  
  164  9:49  Pylon  
  164  9:50  Pylon  
  162  9:57  Probe  
  162  9:59  Stalker x4, Pylon  
  169  10:01  Zealot  
  169  10:06  Zealot  
  169  10:07  Zealot x2  
  177  10:14  Colossus (Chrono Boost)  
  185  10:25  Zealot x3, Colossus (Chrono Boost)  
  189  10:51  Stalker x6  
  195  11:09  Stalker x2  
Tags
 
Add a new tag
Caveats
  • Supply blocks, unpowered buildings, or Contaminate may cause inaccurate times.
  • Supply counts are checked every 10 seconds.